 Dungeon Crawl Stone Soup version 0.20-a0-972-gb9bd3e6 (webtiles) character file.

45049 Rrauwl the Archer (level 14, -1/101 HPs)
             Began as a Barachi Monk on Apr 8, 2017.
             Was an Elder of Makhleb.
             Slain by Rupert
             ... wielding a +8 great mace of protection
              (24 damage)
             ... on level 12 of the Dungeon on Apr 9, 2017.
             The game lasted 02:39:54 (21222 turns).

Rrauwl the Archer (Barachi Monk)                   Turns: 21222, Time: 02:39:54

Health: -1/101     AC: 15    Str: 18    XL:     14   Next: 31%
Magic:  21/21      EV: 15    Int: 10    God:    Makhleb [****..]
Gold:   742        SH:  0    Dex: 19    Spells: 13/13 levels left

rFire    + . .     SeeInvis .   a - +0 trident (pain)
rCold    . . .     Gourm    .   (no shield)
rNeg     . . .     Faith    .   l - +5 scale mail {rF+}
rPois    +         Spirit   .   (no helmet)
rElec    .         Reflect  .   D - +0 cloak
rCorr    .         Harm     .   d - +0 pair of gloves
MR       +....     Clarity  +   z - +0 pair of boots
Stlth    ++........             (no amulet)
Regen    0.3/turn               w - +2 ring of evasion
MPRegen  0.2/turn               y - +4 ring of dexterity

@: slow
A: +LOS, swims, clarity, deformed body, frail 1, poison resistance, slowness 1,
subdued magic 1, strong legs 2
a: Hop, Minor Destruction, Lesser Servant of Makhleb, Major Destruction,
Renounce Religion


You were on level 12 of the Dungeon.
You worshipped Makhleb.
Makhleb was greatly pleased with you.
You were not hungry.

You visited 3 branches of the dungeon, and saw 19 of its levels.
You also visited: Sewer.

You collected 1045 gold pieces.
You spent 303 gold pieces at shops.

Inventory:

Hand Weapons
 a - a +0 trident of pain (weapon)
 b - a +3 shortbow of freezing
 F - a +3 trident
Missiles
 i - 185 arrows
Armour
 d - a +0 pair of gloves (worn)
 l - a +5 scale mail of fire resistance (worn)
 z - a +0 pair of boots (worn)
 D - a +0 cloak (worn)
Jewellery
 w - a +2 ring of evasion (left hand)
 y - a +4 ring of dexterity (right hand)
 A - an uncursed ring of flight
Wands
 f - a wand of iceblast (15/15)
 h - a wand of disintegration (13/24)
 r - a wand of flame (4/48)
 v - a wand of polymorph (12/24)
 x - a wand of confusion (38/48)
Scrolls
 e - 3 scrolls of blinking
 g - 2 scrolls of amnesia
 j - 8 scrolls of identify
 k - a scroll of silence
 m - 11 scrolls of remove curse
 p - 4 scrolls of teleportation
 B - 2 scrolls of magic mapping
 H - a scroll of fog
Potions
 c - a potion of berserk rage
 u - 4 potions of haste
 C - a potion of might
Books
 G - a book of Beasts

   Spells                             Type                      Level
   a - Summon Butterflies             Summoning                    1
   b - Call Canine Familiar           Summoning                    3
   c - Summon Ice Beast               Ice/Summoning                4
   d - Summon Mana Viper              Hexes/Summoning              5
   e - Summon Hydra                   Summoning                    7
Miscellaneous
 n - a sack of spiders
 t - a lamp of fire
 E - a phantom mirror
Comestibles
 q - 16 bread rations
 s - a meat ration
 I - 15 chunks of flesh


   Skills:
 - Level 11.0 Fighting
 + Level 12.4 Polearms
 + Level 12.6 Bows
 - Level 10.2 Armour
 - Level 5.0 Dodging
 - Level 4.0 Stealth
 - Level 10.0 Invocations
 - Level 5.0 Evocations


You had 13 spell levels left.
You didn't know any spells.

Dungeon Overview and Level Annotations

Branches:
Dungeon (12/15)            Temple (1/1) D:6            Lair (6/6) D:9
  Swamp (0/4) Lair:3       Spider (0/4) Lair:3        Slime (0/5) Lair:6
    Orc (0/2) D:12

Altars:
Ashenzari
Cheibriados
Dithmenos
Elyvilon
Fedhas
Gozag
Hepliaklqana
Kikubaaqudgha
Makhleb
Nemelex Xobeh
Okawaru
Qazlal
Ru
Sif Muna
Trog
Uskayaw
Vehumet
Wu Jian
Xom
Yredelemnul
Zin
The Shining One

Shops:
D:8 *   D:11 ?

Annotations:
D:12 Rupert
Lair:5 exclusion: 3 oklob plants


Innate Abilities, Weirdness & Mutations

Shadows flee at your approach. (+LOS)
You can swim through water.
You cover ground slowly.
You can hop longer distances.
You possess an exceptional clarity of mind.
Armour fits poorly on your strangely shaped body.
You are frail. (-10% HP)
Your system is resistant to poisons. (rPois)
Your spells are a little easier to cast, but a little less powerful.


Message History

Wield which item (- for none, * to show all)? (? for menu, Esc to quit)
Your +3 shortbow of freezing stops glowing.
You have a feeling of ineptitude.
a - a +0 trident of pain (weapon)
Something hits your neqoxec!!
Your neqoxec barely misses something.
Your neqoxec hits you but does no damage.
Something closely misses your neqoxec.
There is a stone staircase leading up here.
Something hits you!!
You hear a shout!
Your neqoxec misses you. Something hits you!
There is a stone staircase leading up, spattered with blood here.
Something hits your neqoxec!!!
Your neqoxec dies!
Something hits you! Something hits you!!
* * * LOW HITPOINT WARNING * * *
As you read the scroll of fear, it crumbles to dust.
You assume a fearsome visage.
Nothing appears to happen.
Something hits you!!
You die...

.............#.........#.# #...
......#########.......##)## ##...
....###....)..##......#..)###....
...##...####...##..##.#..........
..##..)##..##...4..#####.........
..#..8.'....'.8....# ##...#....
.##....##..##......# #.##.#....
.#......####...###.## #. ##.##..
.#..##........##@##.# .# #.#.#..
##.##########'#.##### .# ## #.##
#...##........##.##.### ###
#.......####...##<...#
#....8)##..##.8.#...###.###
>......)....+...#.....(..#.######
#....8.##..##.8.#.#..#.####....#.
#.......####...##.#.## #####..#..
#...##........##..#.# ##........


There were no monsters in sight!

Vanquished Creatures
  Gastronok (Lair:1)
  The ghost of luab the Basher, a journeyman GrFi of Okawaru (D:12)
  2 hydras (Lair:6)
  2 catoblepae
  A centaur warrior (D:11)
  A two-headed ogre (D:10)
  An unseen horror (D:11)
  A deep elf mage (D:12)
  2 ugly things (D:12)
  4 elephants
  5 black mambas
  An orange demon (D:10)
  3 centaur skeletons
  2 torpor snails
  A gargoyle (D:12)
  10 spiny frogs
  A yaktaur (D:12)
  5 komodo dragons
  A red devil (D:10)
  3 polar bears
  2 trolls
  5 blink frogs (Lair:6)
  4 hippogriffs
  Prince Ribbit (D:7)
  3 dream sheep (Lair:4)
  17 yaks
  A shadow (D:11)
  3 wyverns
  3 wraiths (D:10)
  Grum (D:10)
  A basilisk (Lair:3)
  A steam dragon (D:11)
  A hungry ghost (D:11)
  10 water moccasins
  7 porcupines
  4 black bears
  6 orc warriors
  4 ice beasts
  A necrophage (D:11)
  5 ogres
  An eye of draining (Lair:6)
  4 phantoms
  5 wolves
  3 centaurs
  13 crocodiles
  9 big kobolds
  11 bullfrogs
  A wyvern zombie (D:6)
  3 scorpions
  4 killer bees (D:12)
  4 wights (D:11)
  6 electric eels
  A howler monkey (D:4)
  6 crimson imps
  3 bullfrog zombies
  6 orc priests
  5 jellies
  3 bullfrog skeletons
  3 hounds
  6 orc wizards
  9 iron imps (D:10)
  2 hell rats (D:9)
  2 iguanas
  4 worker ants
  A centaur simulacrum (D:9)
  2 howler monkey zombies (D:6)
  A worker ant zombie (D:5)
  A howler monkey skeleton (D:11)
  5 river rats
  18 adders
  3 shadow imps
  A white imp (D:9)
  A worker ant simulacrum (D:9)
  7 oozes (Sewer)
  An adder zombie (D:9)
  5 worms
  2 dart slugs (D:2)
  5 leopard geckos
  23 orcs
  3 giant cockroaches
  10 goblins
  9 hobgoblins
  19 jackals
  30 kobolds
  6 quokkas
  6 ball pythons
  9 bats
  2 frilled lizards
  A giant cockroach zombie (D:5)
  2 leopard gecko zombies
  8 rats
423 creatures vanquished.

Vanquished Creatures (collateral kills)
  Josephine (D:10)
  The ghost of Murumi the Unseen, a journeyman NaEn of Cheibriados (D:9)
  Fannar (Lair:1)
  2 hydras
  Harold (D:12)
  2 two-headed ogres
  3 death yaks (D:9)
  A deep elf mage (D:12)
  2 ugly things (D:12)
  5 elephants
  3 black mambas
  4 spiny frogs
  A komodo dragon (D:9)
  A merfolk (D:9)
  4 blink frogs (Lair:6)
  2 polar bears
  5 hippogriffs
  A wraith (D:10)
  24 yaks
  A hungry ghost (D:8)
  A warg (D:12)
  5 water moccasins
  Duvessa (D:5)
  An orc warrior (D:8)
  2 ice beasts
  2 phantoms
  A necrophage (D:8)
  3 wolves
  5 ogres
  4 crocodiles
  A centaur (D:5)
  2 bullfrogs
  Dowan (D:5)
  A scorpion (D:12)
  A killer bee (D:12)
  A howler monkey (D:4)
  4 crimson imps
  A jelly (D:9)
  A bullfrog zombie (D:8)
  A centaur zombie (D:5)
  4 orc priests
  3 hounds
  A centaur skeleton (D:4)
  5 orc wizards
  An iguana (D:9)
  A hell rat (D:9)
  2 worker ants
  A worker ant zombie (D:9)
  An adder (D:5)
  A river rat (D:9)
  A shadow imp (D:5)
  3 white imps (D:9)
  A worker ant simulacrum (D:9)
  An ufetubus (D:9)
  An ooze (D:6)
  A leopard gecko (D:8)
  15 orcs
  A giant cockroach (D:5)
  A quokka (D:9)
  2 kobolds
  A leopard gecko skeleton (D:5)
  A quokka simulacrum (D:9)
  A fungus (Lair:6)
154 creatures vanquished.

Vanquished Creatures (others)
  17 fungi
  4 plants
21 creatures vanquished.

Grand Total: 598 creatures vanquished

Notes
Turn   | Place    | Note
-------+----------+-------------------------------------------
     0 | D:1      | Rrauwl the Barachi Monk began the quest for the Orb.
     0 | D:1      | Reached XP level 1. HP: 20/20 MP: 1/1
   163 | D:1      | Reached skill level 5 in Fighting
   195 | D:1      | Reached skill level 1 in Armour
   195 | D:1      | Reached XP level 2. HP: 21/27 MP: 2/2
   853 | D:1      | Reached XP level 3. HP: 33/33 MP: 3/3
  1442 | D:2      | Reached XP level 4. HP: 32/39 MP: 4/4
  1769 | D:2      | Found a bloodstained altar of Trog.
  1780 | D:2      | Found an ancient bone altar of Kikubaaqudgha.
  1792 | D:2      | Found a hide-covered altar of Uskayaw.
  1802 | D:2      | Found a burning altar of Makhleb.
  1806 | D:2      | Became a worshipper of Makhleb the Destroyer
  1806 | D:2      | Reached * piety under Makhleb
  1806 | D:2      | Reached ** piety under Makhleb
  1812 | D:2      | Found a hazy altar of Hepliaklqana.
  1819 | D:2      | Found a shattered altar of Ashenzari.
  1826 | D:2      | Found a radiant altar of Vehumet.
  2508 | D:3      | Found a glowing drain.
  2516 | Sewer    | Entered a sewer
  2531 | Sewer    | Noticed a big kobold
  2547 | Sewer    | Reached skill level 5 in Dodging
  2547 | Sewer    | Reached XP level 5. HP: 34/46 MP: 5/5
  2582 | Sewer    | Killed a big kobold
  2582 | Sewer    | Reached skill level 1 in Invocations
  2647 | Sewer    | Noticed a big kobold
  2650 | Sewer    | Noticed a big kobold
  2722 | Sewer    | Killed a big kobold
  2722 | Sewer    | Reached XP level 6. HP: 47/53 MP: 5/7
  3095 | Sewer    | Reached XP level 7. HP: 59/59 MP: 8/8
  3715 | D:3      | Found a deep blue altar of Sif Muna.
  3720 | D:3      | Reached *** piety under Makhleb
  3839 | D:3      | Reached skill level 5 in Armour
  3990 | D:4      | Noticed a hippogriff
  4003 | D:4      | Killed a hippogriff
  4236 | D:4      | Reached XP level 8. HP: 55/68 MP: 10/10
  4767 | D:5      | Entered Level 5 of the Dungeon
  5000 | D:5      | Reached skill level 1 in Bows
  5410 | D:5      | Noticed Duvessa
  5414 | D:5      | Noticed Dowan
  5417 | D:5      | Killed Duvessa
  5424 | D:5      | Killed Dowan
  5441 | D:5      | Reached skill level 5 in Invocations
  5441 | D:5      | Reached XP level 9. HP: 71/76 MP: 12/12
  5636 | D:6      | Found a staircase to the Ecumenical Temple.
  5642 | Temple   | Entered the Ecumenical Temple
  5680 | D:6      | Found a glowing silver altar of Zin.
  5730 | D:6      | Reached **** piety under Makhleb
  5781 | D:6      | Reached skill level 1 in Polearms
  6116 | D:6      | Reached skill level 1 in Evocations
  6725 | D:7      | Noticed Prince Ribbit
  6737 | D:7      | Killed Prince Ribbit
  7129 | D:8      | Noticed a two-headed ogre
  7137 | D:8      | Killed a two-headed ogre
  7137 | D:8      | Reached skill level 10 in Fighting
  7137 | D:8      | Reached XP level 10. HP: 83/85 MP: 14/14
  7434 | D:8      | Reached skill level 5 in Bows
  7496 | D:8      | Found Ifrusad's Assorted Antiques.
  7517 | D:8      | Bought a scroll labeled JEIXIOD ZIVA for 22 gold pieces
  7517 | D:8      | Bought a scroll labeled LYNUKA FUBBAU for 22 gold pieces
  7658 | D:9      | Noticed a two-headed ogre
  7678 | D:9      | Killed a two-headed ogre
  7765 | D:9      | Found an ornate altar of the Wu Jian Council.
  7790 | D:9      | Reached skill level 5 in Polearms
  7968 | D:9      | Noticed Murumi's ghost (journeyman NaEn)
  7976 | D:9      | HP: 1/85 [electric eel/bolt of electricity (4)]
  8203 | D:9      | Reached XP level 11. HP: 34/90 MP: 16/16
  8460 | D:9      | Found a staircase to the Lair.
  8461 | D:9      | Noticed a death yak
  8478 | D:9      | Noticed a death yak
  8479 | D:9      | Noticed a death yak
  8562 | D:9      | Killed a death yak
  8565 | D:9      | Killed a death yak
  8571 | D:9      | Killed a death yak
  8995 | D:9      | Killed Murumi's ghost
  9954 | Lair:1   | Entered Level 1 of the Lair of Beasts
 10255 | Lair:1   | Noticed Gastronok
 10287 | Lair:1   | Killed Gastronok
 10686 | Lair:1   | Noticed Fannar
 10719 | Lair:1   | Killed Fannar
 11196 | Lair:1   | You fall through a shaft!
 11376 | Lair:2   | Reached XP level 12. HP: 87/97 MP: 18/18
 11587 | Lair:2   | Reached skill level 5 in Evocations
 12255 | Lair:3   | Noticed an eight-headed hydra
 12264 | Lair:3   | Killed an eight-headed hydra
 12313 | Lair:3   | Noticed a catoblepas
 12429 | Lair:3   | Killed a catoblepas
 12457 | Lair:3   | HP: 3/97 [spiny frog (10)]
 12666 | Lair:3   | HP: 3/97 [spiny frog (14)]
 13075 | Lair:3   | Found a staircase to the Swamp.
 13209 | Lair:3   | Found a hole to the Spider Nest.
 14316 | Lair:4   | Reached skill level 10 in Invocations
 14658 | Lair:5   | Reached skill level 10 in Bows
 14658 | Lair:5   | Gained mutation: You can hop longer distances. [Barachi growth]
 14658 | Lair:5   | Reached XP level 13. HP: 66/104 MP: 20/20
 14826 | Lair:5   | Found a bloodstained altar of Trog.
 15879 | Lair:6   | Entered Level 6 of the Lair of Beasts
 16153 | Lair:6   | Reached skill level 10 in Armour
 16200 | Lair:6   | Reached skill level 10 in Polearms
 16591 | Lair:6   | Found a staircase to the Slime Pits.
 17108 | Lair:6   | Noticed a dire elephant
 17118 | Lair:6   | Upgraded the game from 0.20-a0-970-gcd8f41e to 0.20-a0-972-gb9bd3e6
 18057 | D:10     | Entered Level 10 of the Dungeon
 18242 | D:10     | Found a basalt altar of Yredelemnul.
 18332 | D:10     | Noticed Josephine
 18347 | D:10     | Killed Josephine
 18562 | D:10     | Noticed Grum
 18572 | D:10     | Killed Grum
 19245 | D:11     | Reached XP level 14. HP: 108/113 MP: 21/21
 19685 | D:11     | Gained mutation: You passively map a small area around you. [potion of mutation]
 19685 | D:11     | Gained mutation: You possess an exceptional clarity of mind. [potion of mutation]
 19685 | D:11     | Gained mutation: Your body sometimes deteriorates upon taking damage. [potion of mutation]
 19685 | D:11     | Gained mutation: You have an increased reservoir of magic. (+10% MP) [potion of mutation]
 20221 | D:11     | Found Syupun's Magic Scroll Emporium.
 20224 | D:11     | Bought a scroll of silence for 97 gold pieces
 20224 | D:11     | Bought a scroll of teleportation for 39 gold pieces
 20224 | D:11     | Bought a scroll of enchant weapon for 97 gold pieces
 20224 | D:11     | Bought a scroll of fog for 26 gold pieces
 20270 | D:12     | Noticed luab's ghost (journeyman GrFi)
 20308 | D:12     | Killed luab's ghost
 20336 | D:12     | Gained mutation: You are frail. (-10% HP) [mutagenic meat]
 20337 | D:12     | Lost mutation: You possess an exceptional clarity of mind. [mutagenic meat]
 20338 | D:12     | Lost mutation: Your body sometimes deteriorates upon taking damage. [mutagenic meat]
 20339 | D:12     | Gained mutation: Your spells are a little easier to cast, but a little less powerful. [mutagenic meat]
 20443 | D:12     | Gained mutation: Your muscles are strong. (Str +2) [mutagenic meat]
 20444 | D:12     | Gained mutation: Your body sometimes deteriorates upon taking damage. [mutagenic meat]
 20445 | D:12     | Lost mutation: You passively map a small area around you. [mutagenic meat]
 20592 | D:12     | Lost mutation: Your muscles are strong. (Str +2) [potion of mutation]
 20592 | D:12     | Lost mutation: You have an increased reservoir of magic. (+10% MP) [potion of mutation]
 20592 | D:12     | Lost mutation: Your body sometimes deteriorates upon taking damage. [potion of mutation]
 20592 | D:12     | Gained mutation: Armour fits poorly on your strangely shaped body. [potion of mutation]
 20592 | D:12     | Gained mutation: You possess an exceptional clarity of mind. [potion of mutation]
 20650 | D:12     | Noticed Harold
 20671 | D:12     | Killed Harold
 20727 | D:12     | Gained mutation: Your system is resistant to poisons. (rPois) [mutagenic meat]
 20864 | D:12     | Found a staircase to the Orcish Mines.
 21202 | D:12     | Noticed Rupert
 21222 | D:12     | Slain by Rupert

Vault maps used:
D:1:      dpeg_arrival_solitude, st_stairs_4, hangedman_decor_slide_cut,
          minmay_misc_feat_x
D:2:      grunt_temple_overflow_octagram, kennysheep_boxes
D:3:      lemuel_coloured_pillars_altar, first_bread, lightli_sewer_entry_pipes
D:5:      hangedman_minor_gate_pass, uniq_duvessa
D:6:      lemuel_round_altar, minmay_temple_entry_fiery
D:7:      uniq_prince_ribbit1
D:8:      serial_shops, shop
D:9:      kennysheep_mini_moat, dpeg_lair_monsters, serial_ice, serial_ice_b,
          serial_ice_e, serial_ice_j, serial_ice_m, serial_ice_n, serial_ice_g,
          hangedman_fish_farm
D:10:     grunt_ministairs_12, lemuel_hellish_altar, uniq_grum, uniq_josephine
D:11:     serial_shops, kennysheep_mini
D:12:     david_orc_1_choice, uniq_rupert, uniq_harold
Temple:   nicolae_temple_no_exploring_needed
Lair:1:   uniq_fannar, uniq_gastronok
Lair:3:   swamp_mist, spider_nest_entry_web_field, grunt_megastairs_2
Lair:5:   dpeg_oklob_gauntlet, basic_altar, grunt_megastairs_5
Lair:6:   wormcave, slime_dummy, hangedman_lair_generics_rect
Sewer:    sewer_co_tree

Skill      XL: |  1  2  3  4  5  6  7  8  9 10 11 12 13 14 |
---------------+-------------------------------------------+-----
Fighting       | 5 6 7 9 10 11 | 11.0
Armour         | 1 2 3 4 5 7 8 9 10 | 10.2
Stealth        | 4 |  4.0
Dodging        | 5 |  5.0
Invocations    | 1 2 3 5 6 7 8 10 | 10.0
Bows           | 2 4 6 8 10 11 12 | 12.6
Polearms       | 3 5 7 9 11 12 | 12.4
Evocations     | 3 4 5 |  5.0

Action                   |  1- 3 |  4- 6 |  7- 9 | 10-12 | 13-15 || total
-------------------------+-------+-------+-------+-------+-------++-------
Melee: Unarmed           |    86 |       |       |       |       ||    86
       Short sword       |    83 |       |       |       |       ||    83
       Dagger            |    60 |       |       |       |       ||    60
       Whip              |       |   342 |   370 |       |       ||   712
       Trident           |       |       |   204 |   636 |   464 ||  1304
 Fire: Shortbow          |       |       |   113 |   298 |   553 ||   964
Invok: Lesser Servant of |       |       |    13 |    42 |    19 ||    74
       Minor Destruction |       |       |    10 |    15 |       ||    25
 Abil: Hop               |     1 |       |       |    12 |     6 ||    19
       Evoke Flight      |       |       |       |       |     1 ||     1
Evoke: Wand              |       |       |       |    20 |       ||    20
  Use: Scroll            |       |     6 |     6 |    15 |    10 ||    37
       Potion            |       |     8 |     4 |    13 |     5 ||    30
 Stab: Distracted        |       |       |     3 |    10 |     8 ||    21
       Sleeping          |       |       |     2 |       |       ||     2
       Confused          |       |       |       |     1 |       ||     1
  Eat: Chunk             |     2 |     5 |    13 |    18 |    20 ||    58
       Bread ration      |       |     1 |       |     2 |     3 ||     6
       Meat ration       |       |     1 |       |       |       ||     1
       Fruit             |       |       |       |     2 |       ||     2
       Royal jelly       |       |       |       |       |     1 ||     1
Armor: Plate armour      |   204 |   218 |    98 |       |       ||   520
       Scale mail        |       |       |   224 |   285 |   250 ||   759
       Skin              |       |       |     5 |    28 |       ||    33
Dodge: Dodged            |    59 |    56 |   350 |   331 |   308 ||  1104
